 Dungeon Crawl Stone Soup version 0.27.1-4-g1640c2035a (webtiles) character file.

Game seed: 10820997825506879863

21 SmokeWeed the Sneak (level 2, -8/19 HPs)
             Began as an Octopode Brigand on Nov 10, 2021.
             Mangled by Terence (12 damage)
             ... on level 2 of the Dungeon.
             The game lasted 00:02:05 (947 turns).

SmokeWeed the Sneak (Octopode Brigand)               Turns: 947, Time: 00:02:05

Health: -8/19      AC:  1    Str: 10    XL:     2   Next: 87%
Magic:  2/2        EV: 12    Int: 13    God:
Gold:   40         SH:  0    Dex: 13    Spells: 1/1 levels left

rFire    . . .     SeeInvis +   a - +2 dagger
rCold    . . .     Faith    .   (no shield)
rNeg     . . .     Spirit   .   (helmet restricted)
rPois    .         Reflect  .   (no amulet)
rElec    .         Harm     .   f - ring of see invisible
rCorr    .         Rampage  .   (no ring)
Will     .....                  (no ring)
Stlth    ++++......             (no ring)
HPRegen  0.06/turn              (no ring)
MPRegen  0.08/turn              (no ring)
                                (no ring)
                                (no ring)

@: no status effects
A: almost no armour, amphibious, 8 rings, camouflage 1, gelatinous body 1,
(nimble swimmer 1), tentacles
a: no special abilities


You were on level 2 of the Dungeon.
You visited 1 branch of the dungeon, and saw 2 of its levels.

You collected 40 gold pieces.

Inventory:

Hand Weapons
 a - a +2 dagger (weapon)
Missiles
 b - 4 poisoned darts (quivered)
 c - 2 curare-tipped darts
Jewellery
 f - a ring of see invisible (left tentacle)
Scrolls
 h - a scroll of noise {unknown}
Potions
 d - a potion of haste {unknown}
 e - a potion of lignification {unknown}
 g - a potion of berserk rage {unknown}


   Skills:
 + Level 2.1 Fighting
 + Level 2.2 Short Blades
 + Level 2.0 Throwing
 + Level 1.0 Dodging
 + Level 6.1 Stealth


You had one spell level left.
You didn't know any spells.
Your spell library was empty.

Dungeon Overview and Level Annotations

Branches:
Dungeon (2/15)

Altars:

Shops:
D:1 *(?(=

Annotations:
D:2 Terence


Innate Abilities, Weirdness & Mutations

You cannot wear most types of armour.
You are amphibious.
You can wear up to eight rings at the same time.
Your skin changes colour to match your surroundings (Stealth+).
Your rubbery body absorbs attacks. (AC +1, EV +1)
((You are camouflaged near water. (Stealth+)))
You have tentacles for arms and can constrict up to eight enemies at once.


Message History

Things that are here:
a +0 club; 2 stones; a kobold corpse You see here 15 sling bullets.
h - a scroll labelled BEAXOQ KAERAU You see here 15 sling bullets.
There is a stone staircase leading down here.
Terence the Incautious comes into view.
He is wielding a +1 vampiric trident, wearing a +0 ring mail of poison resistance and carrying a wand of flame (20).
Terence shouts!
Throw: 8 darts (poison)
Press: ? - help, Q - select action, (/) - cycle Shift-Dir - straight line, f - Terence
Aim: Terence, wielding a +1 vampiric trident, wearing a +0 ring mail of poison resistance and carrying a wand of flame (20) (63% to hit)
You throw a poisoned dart. The poisoned dart hits Terence.
Throw: 7 darts (poison)
Press: ? - help, Q - select action, (/) - cycle Shift-Dir - straight line, f/p - Terence
Aim: Terence, wielding a +1 vampiric trident, wearing a +0 ring mail of poison resistance and carrying a wand of flame (20) (63% to hit)
You throw a poisoned dart.
The poisoned dart barely misses Terence.
Throw: 6 darts (poison)
Press: ? - help, Q - select action, (/) - cycle Shift-Dir - straight line, f - you Really target yourself?
Okay, then.
No target in view!
A kobold comes into view. It is wielding a +0 whip.
The kobold moves out of view.
Throw: 6 darts (poison)
Press: ? - help, Q - select action, (/) - cycle Shift-Dir - straight line, f - Terence
Aim: Terence, wielding a +1 vampiric trident, wearing a +0 ring mail of poison resistance and carrying a wand of flame (20) (63% to hit)
You throw a poisoned dart. The poisoned dart hits Terence.
Terence screams, "I'm going to kill you!"
Throw: 5 darts (poison)
Press: ? - help, Q - select action, (/) - cycle Shift-Dir - straight line, f/p - Terence
Aim: Terence, wielding a +1 vampiric trident, wearing a +0 ring mail of poison resistance and carrying a wand of flame (20) (63% to hit)
You throw a poisoned dart. The poisoned dart hits Terence.
Terence zaps a wand.
The puff of flame hits you!
Terence zaps a wand.
The puff of flame hits you!
* * * LOW HITPOINT WARNING * * *
You are too injured to fight recklessly!
Terence hits you with a +1 vampiric trident!
Ouch! That really hurt!
You die...

###K## #(....
#.(... #.....
..... .(. #@## .#
#.@# .# ##.##.#
#..#.# ##.#.#
##### #.#.# #...#
#.#.#.#.#.#######
#...#.#.#<......)
##..#.#.#.######.
#..#.#.#.######.


You could see Terence and a kobold (wandering).

Vanquished Creatures
  A worm (D:2)
  2 bats (D:2)
  An endoplasm (D:1)
  3 goblins
  2 hobgoblins (D:1)
  3 quokkas (D:1)
  3 kobolds
  A rat (D:1)
16 creatures vanquished.

Notes
Turn   | Place    | Note
-------+----------+-------------------------------------------
     0 | D:1      | SmokeWeed the Octopode Brigand began the quest for the Orb.
     0 | D:1      | Reached XP level 1. HP: 14/14 MP: 1/1
    10 | D:1      | Found Fucom's Jewellery Shoppe.
    68 | D:1      | Found Teamioch's Antique Weapon Emporium.
   365 | D:1      | Found Digexema's Antique Weapon Shoppe.
   517 | D:1      | Found Viaps's Magic Scroll Shoppe.
   546 | D:1      | Reached XP level 2. HP: 19/19 MP: 2/2
   589 | D:1      | Found a faded altar of an unknown god.
   672 | D:1      | Found Mas Moekh's General Store.
   731 | D:2      | Reached skill level 6 in Stealth
   939 | D:2      | Noticed Terence
   947 | D:2      | Mangled by Terence

Illustrated notes

Levels and vault maps discovered:
D:1:      grunt_arrival_crossed_arrows, layout_basic, serial_shops,
          nicolae_shop_statue_plus, shop, shop, nicolae_shop_statue_plus, shop,
          hellmonk_ecumenical_altar_crossroads, minmay_distorted
D:2:      layout_basic, uniq_terence

Skill      XL: |  1  2 |
---------------+-------+-----
Stealth        | 6 |  6.1
Fighting       | |  2.1
Short Blades   | |  2.2
Throwing       | |  2.0
Dodging        | |  1.0

Action                   || total
-------------------------++-------
Melee: Dagger            ||    26
       Tentacles         ||     4
       Constrict         ||     2
Throw: Dart              ||     4
 Stab: Sleeping          ||     7
Armor: Skin              ||     3
Dodge: Dodged            ||     7
